2682 views
Uploaded 2020-03-13 21:31:32
Game version 1.32.2
41:41 long 3on3 ladder game on (8)Battleground_LV
Saved by BEARAND
2682 views
Uploaded 2020-03-13 21:31:32
Game version 1.32.2
41:41 long 3on3 ladder game on (8)Battleground_LV


110 units @ 10.4k
/ 0.5k
378 buildings @ 16.8k
/ 9.5k



| Scroll of Regeneration | 3 | 300 |
| Potion of Healing | 2 | 300 |
| Staff of Sanctuary | 3 | 750 |
| Orb of Fire | 2 | 650 |
| Boots of Speed | 3 | 750 |
| Staff of Teleportation | 3 | 450 |
| Periapt of Vitality | 1 | 325 |
| total: | 17 | 3525g |
| Peasant | 20 | 1500 | / | 0 |
| Dragonhawk Rider | 9 | 1800 | / | 270 |
| Priest | 1 | 135 | / | 10 |
| total: | 30 | 3435g | / | 280w |
| Scout Tower | 99 | 2970 | / | 1980 |
| Arcane Tower | 3 | 210 | / | 150 |
| Guard Tower | 79 | 5530 | / | 3950 |
| Altar of Kings | 1 | 180 | / | 50 |
| Farm | 7 | 560 | / | 140 |
| Lumber Mill | 1 | 120 | / | 0 |
| Arcane Vault | 2 | 260 | / | 60 |
| Town Hall | 3 | 1155 | / | 615 |
| Blacksmith | 1 | 140 | / | 60 |
| Barracks | 1 | 160 | / | 60 |
| Gryphon Aviary | 1 | 140 | / | 150 |
| Arcane Sanctum | 1 | 150 | / | 140 |
| Keep | 1 | 320 | / | 210 |
| Castle | 2 | 720 | / | 420 |
| total: | 117 | 5835g | / | 3255w |
| 0:03 | Peasant |
| 0:03 | Peasant |
| 0:08 | Altar of Kings |
| 0:19 | Farm |
| 0:22 | Peasant |
| 0:28 | Scout Tower |
| 0:30 | Lumber Mill |
| 0:37 | Peasant |
| 1:05 | Peasant |
| 1:13 | Peasant |
| 1:20 | Peasant |
| 1:43 | Farm |
| 1:46 | Scout Tower |
| 1:48 | Peasant |
| 2:00 | Arcane Tower |
| 2:16 | Peasant |
| 2:17 | Peasant |
| 2:22 | Scout Tower |
| 2:25 | Guard Tower |
| 2:33 | Peasant |
| 2:34 | Blizzard |
| 3:01 | Guard Tower |
| 3:02 | Peasant |
| 3:02 | Peasant |
| 3:03 | Scout Tower |
| 3:11 | Scout Tower |
| 3:11 | Scout Tower |
| 3:12 | Peasant |
| 3:36 | Brilliance Aura |
| 3:38 | Guard Tower |
| 3:57 | Keep |
| 4:11 | Boots of Speed |
| 4:11 | Staff of Teleportation |
| 4:28 | Arcane Vault |
| 4:29 | Guard Tower |
| 4:37 | Guard Tower |
| 5:35 | Scout Tower |
| 5:36 | Scout Tower |
| 5:36 | Scout Tower |
| 5:36 | Scout Tower |
| 5:37 | Scout Tower |
| 5:37 | Scout Tower |
| 5:52 | Scroll of Regeneration |
| 5:55 | Scout Tower |
| 6:04 | Scout Tower |
| 6:04 | Scout Tower |
| 6:05 | Scout Tower |
| 6:05 | Scout Tower |
| 6:06 | Guard Tower |
| 6:07 | Guard Tower |
| 6:13 | Guard Tower |
| 6:17 | Scout Tower |
| 6:17 | Scout Tower |
| 6:20 | Improved Masonry |
| 6:22 | Farm |
| 6:32 | Guard Tower |
| 6:38 | Guard Tower |
| 6:39 | Guard Tower |
| 7:17 | Blizzard |
| 7:27 | Guard Tower |
| 7:27 | Guard Tower |
| 7:50 | Guard Tower |
| 7:58 | Scroll of Regeneration |
| 8:27 | Storm Bolt |
| 8:33 | Town Hall |
| 8:55 | Scout Tower |
| 8:55 | Scout Tower |
| 8:56 | Scout Tower |
| 8:56 | Scout Tower |
| 8:56 | Peasant |
| 9:29 | Gryphon Aviary |
| 9:36 | Arcane Sanctum |
| 9:42 | Peasant |
| 9:42 | Peasant |
| 9:49 | Scroll of Regeneration |
| 10:01 | Improved Lumber Harvesting |
| 10:39 | Advanced Masonry |
| 10:40 | Blacksmith |
| 10:42 | Farm |
| 10:42 | Farm |
| 10:43 | Farm |
| 10:45 | Farm |
| 10:49 | Dragonhawk Rider |
| 10:49 | Dragonhawk Rider |
| 10:52 | Magic Sentry |
| 10:53 | Priest |
| 10:54 | Guard Tower |
| 11:22 | Peasant |
| 11:24 | Dragonhawk Rider |
| 11:44 | Potion of Healing |
| 11:46 | Potion of Healing |
| 11:52 | Barracks |
| 11:52 | Guard Tower |
| 11:53 | Guard Tower |
| 12:04 | Peasant |
| 12:35 | Boots of Speed |
| 12:52 | Bash |
| 12:56 | Guard Tower |
| 12:56 | Castle |
| 12:57 | Dragonhawk Rider |
| 12:58 | Dragonhawk Rider |
| 13:10 | Periapt of Vitality |
| 13:16 | Scout Tower |
| 13:16 | Scout Tower |
| 13:17 | Scout Tower |
| 13:59 | Arcane Vault |
| 14:07 | Dragonhawk Rider |
| 14:10 | Dragonhawk Rider |
| 14:15 | Iron Forged Swords |
| 14:15 | Studded Leather Armor |
| 14:23 | Guard Tower |
| 14:35 | Guard Tower |
| 14:37 | Scout Tower |
| 14:37 | Scout Tower |
| 14:37 | Scout Tower |
| 14:39 | Staff of Teleportation |
| 15:19 | Staff of Sanctuary |
| 15:23 | Staff of Sanctuary |
| 15:26 | Orb of Fire |
| 15:32 | Guard Tower |
| 15:33 | Animal War Training |
| 15:33 | Guard Tower |
| 15:46 | Cloud |
| 15:47 | Steel Forged Swords |
| 15:58 | Guard Tower |
| 15:59 | Scout Tower |
| 16:00 | Scout Tower |
| 16:00 | Scout Tower |
| 16:01 | Scout Tower |
| 16:05 | Scout Tower |
| 16:06 | Scout Tower |
| 16:07 | Scout Tower |
| 16:07 | Scout Tower |
| 16:08 | Scout Tower |
| 16:09 | Scout Tower |
| 16:10 | Scout Tower |
| 16:10 | Scout Tower |
| 16:10 | Scout Tower |
| 16:11 | Scout Tower |
| 16:11 | Scout Tower |
| 16:19 | Holy Light |
| 16:44 | Guard Tower |
| 16:55 | Guard Tower |
| 17:31 | Guard Tower |
| 17:38 | Staff of Sanctuary |
| 17:38 | Orb of Fire |
| 17:45 | Guard Tower |
| 17:47 | Guard Tower |
| 17:49 | Reinforced Leather Armor |
| 18:23 | Guard Tower |
| 19:07 | Brilliance Aura |
| 19:43 | Dragonhawk Rider |
| 19:54 | Guard Tower |
| 19:55 | Scout Tower |
| 19:56 | Scout Tower |
| 19:56 | Scout Tower |
| 19:57 | Scout Tower |
| 20:06 | Peasant |
| 20:13 | Dragonhawk Rider |
| 20:21 | Town Hall |
| 20:34 | Scout Tower |
| 20:35 | Scout Tower |
| 20:35 | Scout Tower |
| 20:37 | Scout Tower |
| 20:38 | Scout Tower |
| 20:39 | Scout Tower |
| 20:47 | Staff of Teleportation |
| 21:54 | Guard Tower |
| 21:55 | Scout Tower |
| 21:55 | Scout Tower |
| 21:56 | Scout Tower |
| 21:59 | Guard Tower |
| 22:13 | Guard Tower |
| 22:15 | Scout Tower |
| 22:15 | Scout Tower |
| 22:15 | Scout Tower |
| 22:16 | Scout Tower |
| 22:16 | Scout Tower |
| 22:19 | Scout Tower |
| 22:20 | Scout Tower |
| 22:20 | Scout Tower |
| 22:20 | Scout Tower |
| 22:25 | Guard Tower |
| 22:56 | Storm Bolt |
| 23:03 | Guard Tower |
| 23:09 | Guard Tower |
| 23:31 | Divine Shield |
| 24:30 | Guard Tower |
| 25:07 | Scout Tower |
| 25:09 | Scout Tower |
| 25:10 | Scout Tower |
| 25:12 | Scout Tower |
| 25:12 | Scout Tower |
| 25:13 | Scout Tower |
| 25:20 | Mithril Forged Swords |
| 25:21 | Dragonhide Armor |
| 26:27 | Scout Tower |
| 26:27 | Scout Tower |
| 26:28 | Scout Tower |
| 26:28 | Scout Tower |
| 26:29 | Scout Tower |
| 26:29 | Scout Tower |
| 27:05 | Guard Tower |
| 27:49 | Guard Tower |
| 27:53 | Imbued Masonry |
| 27:57 | Arcane Tower |
| 27:58 | Arcane Tower |
| 27:58 | Guard Tower |
| 29:01 | Holy Light |
| 29:05 | Brilliance Aura |
| 29:12 | Guard Tower |
| 29:13 | Guard Tower |
| 29:13 | Guard Tower |
| 29:30 | Bash |
| 33:17 | Scout Tower |
| 33:17 | Scout Tower |
| 33:18 | Scout Tower |
| 33:18 | Scout Tower |
| 33:19 | Scout Tower |
| 33:19 | Scout Tower |
| 33:20 | Scout Tower |
| 33:20 | Scout Tower |
| 33:20 | Scout Tower |
| 33:21 | Scout Tower |
| 33:21 | Scout Tower |
| 33:22 | Scout Tower |
| 33:23 | Scout Tower |
| 33:23 | Scout Tower |
| 33:24 | Scout Tower |
| 33:24 | Scout Tower |
| 33:25 | Scout Tower |
| 33:26 | Scout Tower |
| 33:26 | Scout Tower |
| 33:27 | Scout Tower |
| 33:27 | Scout Tower |
| 34:01 | Guard Tower |
| 34:11 | Boots of Speed |
| 34:32 | Guard Tower |
| 34:57 | Guard Tower |
| 35:00 | Town Hall |
| 35:39 | Divine Shield |
| 36:07 | Guard Tower |
| 37:03 | Guard Tower |
| 39:41 | Mass Teleport |
| 40:02 | Storm Bolt |
| Right click | 4062 |
| Select | 1011 |
| Select group | 966 |
| Chat | 664 |
| Build/train/purchase | 305 |
| Use ability | 164 |
| Assign group | 23 |
| Misc. action | 17 |
| Item give/drop | 9 |
| Resource trade | 6 |
| Remove unit | 3 |
| Minimap ping | 2 |
⇛
iggythefisk
(42:01) : 


| Scroll of Regeneration | 7 | 700 |
| Mechanical Critter | 3 | 150 |
| Staff of Sanctuary | 3 | 750 |
| Orb of Fire | 3 | 975 |
| Lesser Clarity Potion | 2 | 140 |
| Potion of Healing | 3 | 450 |
| Boots of Speed | 3 | 750 |
| Staff of Teleportation | 3 | 450 |
| Circlet of Nobility | 3 | 525 |
| Potion of Invisibility | 1 | 100 |
| Potion of Lesser Invulnerability | 1 | 150 |
| total: | 32 | 5140g |
| Peasant | 32 | 2400 | / | 0 |
| Priest | 2 | 270 | / | 20 |
| Sorceress | 1 | 155 | / | 20 |
| total: | 35 | 2825g | / | 40w |
| Scout Tower | 63 | 1890 | / | 1260 |
| Arcane Tower | 8 | 560 | / | 400 |
| Guard Tower | 33 | 2310 | / | 1650 |
| Altar of Kings | 1 | 180 | / | 50 |
| Lumber Mill | 1 | 120 | / | 0 |
| Farm | 4 | 320 | / | 80 |
| Town Hall | 1 | 385 | / | 205 |
| Arcane Vault | 3 | 390 | / | 90 |
| Arcane Sanctum | 2 | 300 | / | 280 |
| Keep | 1 | 320 | / | 210 |
| Castle | 2 | 720 | / | 420 |
| total: | 75 | 3585g | / | 1965w |
| 1:03 | Peasant |
| 1:05 | Altar of Kings |
| 1:13 | Peasant |
| 1:21 | Lumber Mill |
| 1:22 | Peasant |
| 1:33 | Peasant |
| 1:46 | Farm |
| 1:52 | Peasant |
| 2:11 | Scout Tower |
| 2:15 | Farm |
| 2:19 | Peasant |
| 2:27 | Peasant |
| 2:37 | Peasant |
| 2:45 | Arcane Tower |
| 2:49 | Scout Tower |
| 2:54 | Scout Tower |
| 3:03 | Peasant |
| 3:13 | Peasant |
| 3:16 | Blizzard |
| 3:18 | Guard Tower |
| 3:19 | Scout Tower |
| 3:24 | Arcane Tower |
| 3:31 | Peasant |
| 3:42 | Peasant |
| 3:53 | Scout Tower |
| 3:54 | Guard Tower |
| 4:14 | Peasant |
| 4:14 | Peasant |
| 4:31 | Guard Tower |
| 4:32 | Scout Tower |
| 4:40 | Peasant |
| 4:40 | Peasant |
| 4:49 | Brilliance Aura |
| 4:56 | Peasant |
| 5:26 | Guard Tower |
| 5:42 | Town Hall |
| 5:45 | Scout Tower |
| 5:46 | Scout Tower |
| 5:58 | Keep |
| 6:00 | Scout Tower |
| 6:04 | Scout Tower |
| 6:10 | Improved Masonry |
| 6:10 | Advanced Masonry |
| 6:27 | Arcane Tower |
| 6:29 | Scout Tower |
| 6:30 | Scroll of Regeneration |
| 6:33 | Mechanical Critter |
| 6:33 | Mechanical Critter |
| 6:41 | Guard Tower |
| 6:42 | Scout Tower |
| 6:43 | Scout Tower |
| 6:45 | Scout Tower |
| 6:48 | Scout Tower |
| 7:03 | Guard Tower |
| 7:05 | Guard Tower |
| 7:16 | Guard Tower |
| 7:22 | Arcane Vault |
| 7:46 | Guard Tower |
| 7:46 | Peasant |
| 7:46 | Peasant |
| 8:00 | Guard Tower |
| 8:01 | Scout Tower |
| 8:02 | Scout Tower |
| 8:03 | Peasant |
| 8:03 | Peasant |
| 8:07 | Guard Tower |
| 8:13 | Blizzard |
| 8:26 | Scout Tower |
| 8:27 | Scout Tower |
| 8:55 | Imbued Masonry |
| 8:55 | Improved Lumber Harvesting |
| 8:57 | Peasant |
| 8:57 | Peasant |
| 9:03 | Guard Tower |
| 9:05 | Scout Tower |
| 9:06 | Peasant |
| 9:06 | Peasant |
| 9:21 | Castle |
| 9:28 | Guard Tower |
| 9:31 | Scout Tower |
| 9:35 | Peasant |
| 9:38 | Guard Tower |
| 9:50 | Scout Tower |
| 9:50 | Scout Tower |
| 9:57 | Arcane Vault |
| 10:03 | Farm |
| 10:18 | Arcane Sanctum |
| 10:20 | Scout Tower |
| 10:29 | Guard Tower |
| 11:00 | Guard Tower |
| 11:11 | Arcane Sanctum |
| 11:12 | Peasant |
| 11:12 | Peasant |
| 11:17 | Scout Tower |
| 11:48 | Flame Strike |
| 11:57 | Guard Tower |
| 11:59 | Scout Tower |
| 12:00 | Magic Sentry |
| 12:05 | Guard Tower |
| 12:07 | Advanced Lumber Harvesting |
| 12:14 | Peasant |
| 12:14 | Peasant |
| 12:19 | Farm |
| 12:30 | Boots of Speed |
| 12:31 | Staff of Teleportation |
| 12:48 | Guard Tower |
| 12:48 | Scout Tower |
| 12:56 | Circlet of Nobility |
| 13:19 | Guard Tower |
| 13:22 | Breath of Fire |
| 13:27 | Scout Tower |
| 13:28 | Scout Tower |
| 13:33 | Scout Tower |
| 13:34 | Priest |
| 13:37 | Arcane Vault |
| 14:03 | Guard Tower |
| 14:04 | Scout Tower |
| 14:14 | Arcane Tower |
| 14:18 | Scout Tower |
| 14:18 | Scout Tower |
| 14:19 | Scout Tower |
| 14:19 | Scout Tower |
| 14:24 | Scroll of Regeneration |
| 14:29 | Staff of Sanctuary |
| 14:31 | Orb of Fire |
| 14:32 | Staff of Sanctuary |
| 14:33 | Orb of Fire |
| 14:39 | Guard Tower |
| 14:43 | Scout Tower |
| 14:43 | Scout Tower |
| 14:44 | Scout Tower |
| 14:44 | Scout Tower |
| 14:45 | Guard Tower |
| 14:49 | Arcane Tower |
| 14:58 | Scout Tower |
| 14:59 | Scout Tower |
| 14:59 | Scout Tower |
| 15:20 | Orb of Fire |
| 15:20 | Staff of Sanctuary |
| 15:32 | Guard Tower |
| 15:41 | Boots of Speed |
| 15:44 | Boots of Speed |
| 16:26 | Guard Tower |
| 16:28 | Scout Tower |
| 16:33 | Guard Tower |
| 16:34 | Scout Tower |
| 16:35 | Scout Tower |
| 16:55 | Siphon Mana |
| 17:09 | Guard Tower |
| 17:16 | Scout Tower |
| 17:17 | Scout Tower |
| 17:17 | Scout Tower |
| 17:17 | Scout Tower |
| 17:19 | Scout Tower |
| 17:20 | Scout Tower |
| 17:21 | Scout Tower |
| 17:21 | Scout Tower |
| 17:25 | Scroll of Regeneration |
| 17:36 | Guard Tower |
| 18:47 | Scroll of Regeneration |
| 18:50 | Lesser Clarity Potion |
| 18:59 | Staff of Teleportation |
| 19:06 | Guard Tower |
| 19:09 | Peasant |
| 19:09 | Peasant |
| 19:12 | Potion of Invisibility |
| 19:14 | Potion of Lesser Invulnerability |
| 19:17 | Circlet of Nobility |
| 19:23 | Potion of Healing |
| 19:39 | Scroll of Regeneration |
| 19:47 | Priest |
| 19:47 | Priest Adept Training |
| 20:26 | Potion of Healing |
| 20:43 | Scroll of Regeneration |
| 22:48 | Flame Strike |
| 22:50 | Drunken Haze |
| 23:27 | Staff of Teleportation |
| 23:31 | Circlet of Nobility |
| 24:19 | Brilliance Aura |
| 26:14 | Potion of Healing |
| 26:16 | Scroll of Regeneration |
| 26:18 | Mechanical Critter |
| 26:45 | Sorceress Adept Training |
| 26:45 | Sorceress |
| 28:21 | Siphon Mana |
| 28:29 | Scout Tower |
| 28:30 | Scout Tower |
| 28:31 | Scout Tower |
| 28:31 | Scout Tower |
| 28:32 | Scout Tower |
| 28:32 | Scout Tower |
| 28:33 | Scout Tower |
| 28:33 | Scout Tower |
| 28:33 | Scout Tower |
| 28:34 | Scout Tower |
| 28:42 | Sorceress Master Training |
| 30:03 | Guard Tower |
| 30:20 | Lesser Clarity Potion |
| 33:38 | Guard Tower |
| 35:57 | Breath of Fire |
| 39:56 | Flame Strike |
| 39:57 | Blizzard |
| 40:07 | Priest Master Training |
| 40:47 | Drunken Brawler |
| Right click | 2391 |
| Select group | 1360 |
| Select | 569 |
| Assign group | 404 |
| Chat | 240 |
| Build/train/purchase | 236 |
| Use ability | 173 |
| Resource trade | 41 |
| Misc. action | 28 |
| Item give/drop | 7 |
| Remove unit | 2 |
| Minimap ping | 2 |



| Scroll of Regeneration | 3 | 300 |
| Staff of Sanctuary | 4 | 1000 |
| Orb of Fire | 2 | 650 |
| Staff of Teleportation | 3 | 450 |
| Periapt of Vitality | 1 | 325 |
| Circlet of Nobility | 1 | 175 |
| total: | 14 | 2900g |
| Peasant | 39 | 2925 | / | 0 |
| Dragonhawk Rider | 6 | 1200 | / | 180 |
| total: | 45 | 4125g | / | 180w |
| Scout Tower | 168 | 5040 | / | 3360 |
| Arcane Tower | 1 | 70 | / | 50 |
| Guard Tower | 78 | 5460 | / | 3900 |
| Altar of Kings | 1 | 180 | / | 50 |
| Lumber Mill | 1 | 120 | / | 0 |
| Farm | 7 | 560 | / | 140 |
| Arcane Vault | 4 | 520 | / | 120 |
| Town Hall | 1 | 385 | / | 205 |
| Barracks | 1 | 160 | / | 60 |
| Blacksmith | 1 | 140 | / | 60 |
| Gryphon Aviary | 2 | 280 | / | 300 |
| Keep | 1 | 320 | / | 210 |
| Castle | 1 | 360 | / | 210 |
| total: | 186 | 7385g | / | 4295w |
| 0:01 | Peasant |
| 0:04 | Altar of Kings |
| 0:13 | Peasant |
| 0:19 | Lumber Mill |
| 0:21 | Peasant |
| 0:29 | Farm |
| 0:31 | Peasant |
| 1:06 | Peasant |
| 1:21 | Scout Tower |
| 1:24 | Peasant |
| 1:41 | Peasant |
| 1:47 | Scout Tower |
| 1:49 | Scout Tower |
| 1:51 | Peasant |
| 1:59 | Peasant |
| 2:03 | Arcane Tower |
| 2:04 | Scout Tower |
| 2:10 | Farm |
| 2:19 | Guard Tower |
| 2:32 | Scout Tower |
| 2:39 | Blizzard |
| 2:56 | Guard Tower |
| 2:59 | Peasant |
| 3:02 | Scout Tower |
| 3:13 | Guard Tower |
| 3:14 | Peasant |
| 3:27 | Peasant |
| 3:36 | Guard Tower |
| 3:38 | Scout Tower |
| 4:32 | Guard Tower |
| 4:33 | Scout Tower |
| 4:36 | Scout Tower |
| 4:37 | Brilliance Aura |
| 4:44 | Scout Tower |
| 4:52 | Peasant |
| 4:53 | Peasant |
| 4:55 | Scout Tower |
| 4:55 | Scout Tower |
| 5:08 | Guard Tower |
| 5:10 | Scout Tower |
| 5:11 | Scout Tower |
| 5:12 | Scout Tower |
| 5:14 | Peasant |
| 5:16 | Improved Masonry |
| 5:27 | Peasant |
| 5:29 | Guard Tower |
| 5:35 | Guard Tower |
| 5:40 | Peasant |
| 5:42 | Farm |
| 5:42 | Farm |
| 5:43 | Farm |
| 5:49 | Scout Tower |
| 5:50 | Scout Tower |
| 5:56 | Peasant |
| 5:58 | Guard Tower |
| 6:05 | Guard Tower |
| 6:16 | Scout Tower |
| 6:16 | Scout Tower |
| 6:21 | Peasant |
| 6:26 | Arcane Vault |
| 6:26 | Arcane Vault |
| 6:33 | Peasant |
| 6:40 | Guard Tower |
| 6:42 | Scout Tower |
| 6:42 | Scout Tower |
| 6:43 | Scout Tower |
| 6:43 | Scout Tower |
| 6:54 | Scout Tower |
| 6:58 | Peasant |
| 6:58 | Peasant |
| 7:01 | Guard Tower |
| 7:06 | Scout Tower |
| 7:12 | Guard Tower |
| 7:13 | Scout Tower |
| 7:14 | Scout Tower |
| 7:14 | Scout Tower |
| 7:15 | Scout Tower |
| 7:22 | Peasant |
| 7:25 | Guard Tower |
| 7:33 | Staff of Teleportation |
| 7:39 | Scout Tower |
| 7:40 | Scout Tower |
| 7:41 | Scout Tower |
| 7:41 | Scout Tower |
| 7:42 | Guard Tower |
| 7:44 | Peasant |
| 7:45 | Scout Tower |
| 8:22 | Guard Tower |
| 8:25 | Farm |
| 8:28 | Blizzard |
| 8:34 | Keep |
| 8:36 | Guard Tower |
| 8:46 | Guard Tower |
| 9:08 | Guard Tower |
| 9:14 | Guard Tower |
| 9:42 | Guard Tower |
| 10:11 | Town Hall |
| 11:11 | Scroll of Regeneration |
| 11:17 | Scout Tower |
| 11:17 | Scout Tower |
| 11:17 | Scout Tower |
| 11:18 | Scout Tower |
| 11:42 | Advanced Masonry |
| 11:46 | Peasant |
| 11:46 | Peasant |
| 11:59 | Guard Tower |
| 12:01 | Storm Bolt |
| 12:05 | Peasant |
| 12:15 | Scroll of Regeneration |
| 12:19 | Peasant |
| 12:20 | Peasant |
| 12:22 | Guard Tower |
| 12:24 | Scout Tower |
| 12:24 | Scout Tower |
| 12:25 | Scout Tower |
| 12:25 | Scout Tower |
| 12:49 | Castle |
| 13:12 | Guard Tower |
| 13:13 | Scout Tower |
| 13:14 | Scout Tower |
| 13:15 | Scout Tower |
| 13:16 | Scout Tower |
| 13:26 | Staff of Teleportation |
| 13:38 | Peasant |
| 13:38 | Peasant |
| 14:01 | Guard Tower |
| 14:07 | Peasant |
| 14:16 | Peasant |
| 14:24 | Arcane Vault |
| 14:25 | Arcane Vault |
| 15:14 | Guard Tower |
| 15:24 | Peasant |
| 15:24 | Peasant |
| 15:30 | Brilliance Aura |
| 15:32 | Staff of Sanctuary |
| 15:33 | Scroll of Regeneration |
| 15:46 | Staff of Sanctuary |
| 16:14 | Scout Tower |
| 16:15 | Scout Tower |
| 16:15 | Scout Tower |
| 16:21 | Imbued Masonry |
| 16:22 | Scout Tower |
| 16:23 | Scout Tower |
| 16:23 | Scout Tower |
| 16:52 | Guard Tower |
| 17:06 | Holy Light |
| 17:11 | Scout Tower |
| 17:13 | Guard Tower |
| 17:21 | Scout Tower |
| 17:22 | Scout Tower |
| 17:23 | Scout Tower |
| 17:23 | Scout Tower |
| 18:36 | Staff of Sanctuary |
| 18:38 | Guard Tower |
| 18:40 | Scout Tower |
| 18:41 | Scout Tower |
| 18:41 | Scout Tower |
| 18:41 | Scout Tower |
| 19:33 | Guard Tower |
| 19:43 | Guard Tower |
| 20:26 | Bash |
| 20:38 | Scout Tower |
| 20:39 | Scout Tower |
| 20:39 | Scout Tower |
| 20:39 | Scout Tower |
| 20:46 | Peasant |
| 20:46 | Peasant |
| 21:06 | Guard Tower |
| 21:49 | Scout Tower |
| 21:49 | Scout Tower |
| 21:49 | Scout Tower |
| 21:50 | Scout Tower |
| 21:50 | Scout Tower |
| 21:50 | Scout Tower |
| 21:51 | Scout Tower |
| 21:51 | Scout Tower |
| 21:51 | Scout Tower |
| 21:52 | Scout Tower |
| 21:54 | Scout Tower |
| 21:55 | Scout Tower |
| 21:56 | Scout Tower |
| 22:22 | Guard Tower |
| 22:24 | Scout Tower |
| 22:24 | Scout Tower |
| 22:24 | Scout Tower |
| 22:25 | Guard Tower |
| 22:48 | Guard Tower |
| 22:50 | Scout Tower |
| 22:50 | Scout Tower |
| 22:50 | Scout Tower |
| 22:51 | Scout Tower |
| 22:52 | Scout Tower |
| 22:53 | Scout Tower |
| 22:53 | Scout Tower |
| 22:54 | Scout Tower |
| 22:55 | Scout Tower |
| 22:56 | Scout Tower |
| 22:57 | Scout Tower |
| 22:57 | Scout Tower |
| 22:57 | Scout Tower |
| 22:58 | Scout Tower |
| 22:59 | Scout Tower |
| 22:59 | Scout Tower |
| 23:09 | Guard Tower |
| 23:39 | Guard Tower |
| 23:41 | Guard Tower |
| 23:42 | Scout Tower |
| 23:42 | Scout Tower |
| 23:43 | Scout Tower |
| 23:43 | Scout Tower |
| 23:54 | Scout Tower |
| 23:56 | Scout Tower |
| 23:57 | Scout Tower |
| 23:58 | Scout Tower |
| 24:02 | Staff of Sanctuary |
| 24:03 | Orb of Fire |
| 24:28 | Guard Tower |
| 24:30 | Guard Tower |
| 24:41 | Scout Tower |
| 24:42 | Scout Tower |
| 24:46 | Divine Shield |
| 24:49 | Guard Tower |
| 24:50 | Scout Tower |
| 24:51 | Scout Tower |
| 24:52 | Scout Tower |
| 24:52 | Scout Tower |
| 25:29 | Scout Tower |
| 25:29 | Scout Tower |
| 25:30 | Scout Tower |
| 25:52 | Guard Tower |
| 25:57 | Guard Tower |
| 25:58 | Scout Tower |
| 26:00 | Guard Tower |
| 26:01 | Scout Tower |
| 26:01 | Scout Tower |
| 26:13 | Scout Tower |
| 26:13 | Scout Tower |
| 26:17 | Scout Tower |
| 26:17 | Scout Tower |
| 26:25 | Scout Tower |
| 26:25 | Scout Tower |
| 26:26 | Scout Tower |
| 26:26 | Scout Tower |
| 26:29 | Guard Tower |
| 26:30 | Guard Tower |
| 26:34 | Scout Tower |
| 26:35 | Scout Tower |
| 26:35 | Scout Tower |
| 26:36 | Scout Tower |
| 26:39 | Guard Tower |
| 26:56 | Orb of Fire |
| 27:01 | Guard Tower |
| 27:02 | Guard Tower |
| 27:05 | Scout Tower |
| 27:05 | Scout Tower |
| 27:05 | Scout Tower |
| 27:07 | Scout Tower |
| 27:08 | Scout Tower |
| 27:08 | Scout Tower |
| 27:10 | Scout Tower |
| 27:11 | Scout Tower |
| 27:12 | Scout Tower |
| 27:12 | Scout Tower |
| 27:13 | Guard Tower |
| 27:25 | Guard Tower |
| 27:26 | Guard Tower |
| 27:32 | Staff of Teleportation |
| 27:34 | Periapt of Vitality |
| 27:35 | Circlet of Nobility |
| 27:37 | Guard Tower |
| 27:41 | Guard Tower |
| 27:42 | Guard Tower |
| 27:43 | Guard Tower |
| 27:55 | Guard Tower |
| 28:09 | Guard Tower |
| 28:25 | Guard Tower |
| 28:39 | Peasant |
| 28:39 | Peasant |
| 28:47 | Guard Tower |
| 28:56 | Gryphon Aviary |
| 29:06 | Gryphon Aviary |
| 29:07 | Barracks |
| 29:08 | Blacksmith |
| 29:53 | Farm |
| 29:55 | Improved Lumber Harvesting |
| 30:25 | Studded Leather Armor |
| 30:25 | Animal War Training |
| 30:37 | Dragonhawk Rider |
| 30:40 | Dragonhawk Rider |
| 31:33 | Reinforced Leather Armor |
| 33:36 | Storm Bolt |
| 34:06 | Dragonhide Armor |
| 34:06 | Iron Forged Swords |
| 34:16 | Cloud |
| 34:49 | Dragonhawk Rider |
| 36:03 | Dragonhawk Rider |
| 36:08 | Scout Tower |
| 36:09 | Scout Tower |
| 36:10 | Scout Tower |
| 36:41 | Holy Light |
| 37:03 | Dragonhawk Rider |
| 37:07 | Guard Tower |
| 37:17 | Steel Forged Swords |
| 39:28 | Blizzard |
| 39:39 | Mithril Forged Swords |
| 39:43 | Dragonhawk Rider |
| 39:49 | Guard Tower |
| 39:52 | Scout Tower |
| 39:52 | Scout Tower |
| 39:53 | Scout Tower |
| 39:54 | Scout Tower |
| 39:56 | Bash |
| 40:12 | Scout Tower |
| 40:14 | Scout Tower |
| 40:33 | Scout Tower |
| 40:34 | Scout Tower |
| 40:34 | Scout Tower |
| 40:43 | Guard Tower |
| 41:13 | Guard Tower |
| 41:15 | Scout Tower |
| 41:15 | Scout Tower |
| 41:17 | Scout Tower |
| 41:18 | Scout Tower |
| 41:19 | Scout Tower |
| 41:20 | Scout Tower |
| 41:21 | Scout Tower |
| 41:22 | Scout Tower |
| 41:23 | Scout Tower |
| 41:38 | Scout Tower |
| 41:39 | Scout Tower |
| 41:39 | Scout Tower |
| 41:40 | Scout Tower |
| 41:50 | Scout Tower |
| 41:51 | Scout Tower |
| 41:52 | Scout Tower |
| 41:59 | Scout Tower |
| Right click | 2988 |
| Select | 1516 |
| Select group | 1062 |
| Assign group | 354 |
| Build/train/purchase | 220 |
| Use ability | 198 |
| Chat | 92 |
| Misc. action | 22 |
| Minimap ping | 5 |
| Item give/drop | 3 |
252 units @ 35.2k
/ 5.8k
107 buildings @ 14.4k
/ 7.5k

| Wisp | 61 | 3660 | / | 0 |
| Archer | 11 | 1430 | / | 110 |
| Glaive Thrower | 8 | 1680 | / | 520 |
| Hippogryph | 15 | 2400 | / | 300 |
| Chimaera | 8 | 2640 | / | 560 |
| Forest Troll Shadow Priest | 1 | 195 | / | 10 |
| total: | 104 | 12005g | / | 1500w |
| Ancient Protector | 31 | 4185 | / | 2480 |
| Altar of Elders | 1 | 180 | / | 50 |
| Moon Well | 8 | 1440 | / | 320 |
| Ancient of War | 1 | 150 | / | 60 |
| Ancient of Wonders | 1 | 90 | / | 30 |
| Hunter's Hall | 2 | 420 | / | 200 |
| Tree of Life | 2 | 680 | / | 370 |
| Ancient of Wind | 1 | 150 | / | 140 |
| Chimaera Roost | 3 | 420 | / | 570 |
| Tree of Ages | 1 | 320 | / | 180 |
| Tree of Eternity | 1 | 330 | / | 200 |
| total: | 50 | 7715g | / | 4220w |
| 0:04 | Altar of Elders |
| 0:06 | Wisp |
| 0:13 | Moon Well |
| 0:14 | Wisp |
| 0:14 | Wisp |
| 0:30 | Wisp |
| 1:06 | Wisp |
| 1:22 | Ancient of War |
| 1:24 | Wisp |
| 1:46 | Moon Well |
| 1:58 | Wisp |
| 1:58 | Wisp |
| 2:24 | Moon Well |
| 2:38 | Searing Arrows |
| 2:38 | Archer |
| 2:41 | Archer |
| 2:51 | Wisp |
| 2:59 | Ancient of Wonders |
| 3:16 | Archer |
| 3:33 | Archer |
| 3:38 | Archer |
| 3:42 | Wisp |
| 3:56 | Archer |
| 4:27 | Tree of Ages |
| 4:35 | Trueshot Aura |
| 5:01 | Hunter's Hall |
| 5:06 | Moon Well |
| 5:31 | Archer |
| 5:31 | Archer |
| 6:07 | Moon Well |
| 6:23 | Forest Troll Shadow Priest |
| 6:37 | Archer |
| 6:38 | Glaive Thrower |
| 7:02 | Glaive Thrower |
| 7:33 | Ancient of Wind |
| 7:36 | Moon Well |
| 7:48 | Ancient Protector |
| 8:16 | Ancient Protector |
| 8:18 | Ancient Protector |
| 8:35 | Wisp |
| 8:35 | Wisp |
| 8:41 | Glaive Thrower |
| 8:55 | Hippogryph |
| 8:55 | Hippogryph |
| 9:17 | Tree of Eternity |
| 9:41 | Searing Arrows |
| 9:46 | Vorpal Blades |
| 11:02 | Glaive Thrower |
| 11:02 | Glaive Thrower |
| 11:02 | Glaive Thrower |
| 11:53 | Wisp |
| 11:53 | Wisp |
| 11:53 | Wisp |
| 11:53 | Wisp |
| 11:54 | Wisp |
| 12:06 | Chimaera Roost |
| 12:14 | Wisp |
| 12:14 | Wisp |
| 12:14 | Wisp |
| 12:44 | Ancient Protector |
| 12:49 | Ancient Protector |
| 12:53 | Wisp |
| 12:53 | Wisp |
| 12:53 | Wisp |
| 13:17 | Wisp |
| 13:49 | Chimaera |
| 13:50 | Chimaera |
| 14:11 | Chimaera Roost |
| 14:31 | Ancient Protector |
| 14:37 | Ancient Protector |
| 14:41 | Wisp |
| 14:41 | Wisp |
| 14:41 | Wisp |
| 14:41 | Wisp |
| 14:41 | Wisp |
| 15:23 | Moon Well |
| 15:35 | Chimaera Roost |
| 15:44 | Corrosive Breath |
| 16:19 | Chimaera |
| 17:02 | Moon Well |
| 17:05 | Hippogryph |
| 17:19 | Wisp |
| 17:21 | Wisp |
| 17:49 | Hippogryph |
| 17:57 | Hippogryph |
| 19:11 | Hippogryph |
| 19:11 | Hippogryph |
| 19:12 | Hippogryph |
| 19:21 | Trueshot Aura |
| 19:44 | Chimaera |
| 20:44 | Hippogryph |
| 20:46 | Chimaera |
| 21:20 | Chimaera |
| 22:05 | Chimaera |
| 22:48 | Hippogryph |
| 22:49 | Hippogryph |
| 23:10 | Tree of Life |
| 23:33 | Hippogryph |
| 24:06 | Ancient Protector |
| 24:23 | Hippogryph |
| 24:23 | Hippogryph |
| 24:49 | Archer |
| 24:49 | Archer |
| 24:54 | Hippogryph |
| 25:31 | Ancient Protector |
| 25:42 | Tree of Life |
| 26:19 | Wisp |
| 26:19 | Wisp |
| 26:33 | Ancient Protector |
| 26:35 | Ancient Protector |
| 26:38 | Ancient Protector |
| 26:40 | Ancient Protector |
| 26:43 | Ancient Protector |
| 26:47 | Ancient Protector |
| 26:50 | Ancient Protector |
| 27:20 | Wisp |
| 27:21 | Wisp |
| 27:32 | Ancient Protector |
| 27:34 | Ancient Protector |
| 27:59 | Wisp |
| 27:59 | Wisp |
| 27:59 | Wisp |
| 28:01 | Wisp |
| 28:01 | Wisp |
| 28:01 | Wisp |
| 28:02 | Wisp |
| 28:22 | Wisp |
| 28:22 | Wisp |
| 28:22 | Wisp |
| 28:22 | Wisp |
| 28:25 | Wisp |
| 28:27 | Ancient Protector |
| 28:31 | Ancient Protector |
| 28:47 | Ancient Protector |
| 28:59 | Ancient Protector |
| 29:26 | Ancient Protector |
| 29:28 | Ancient Protector |
| 30:20 | Ancient Protector |
| 30:28 | Ancient Protector |
| 30:37 | Chimaera |
| 31:12 | Glaive Thrower |
| 31:12 | Glaive Thrower |
| 31:25 | Ancient Protector |
| 31:27 | Wisp |
| 31:28 | Wisp |
| 31:28 | Wisp |
| 31:41 | Wisp |
| 31:42 | Wisp |
| 31:42 | Wisp |
| 31:43 | Wisp |
| 32:17 | Ancient Protector |
| 32:21 | Ancient Protector |
| 32:24 | Ancient Protector |
| 32:40 | Ancient Protector |
| 32:52 | Wisp |
| 32:52 | Wisp |
| 32:52 | Wisp |
| 32:52 | Wisp |
| 32:52 | Wisp |
| 32:52 | Wisp |
| 32:53 | Wisp |
| 33:21 | Hunter's Hall |
| Right click | 1468 |
| Select | 412 |
| Select group | 174 |
| Build/train/purchase | 146 |
| Assign group | 130 |
| Chat | 83 |
| Minimap ping | 12 |
| Use ability | 8 |
| Misc. action | 1 |
| Esc | 1 |


| Rod of Necromancy | 1 | 150 |
| Scroll of Town Portal | 2 | 700 |
| Scroll of Regeneration | 1 | 100 |
| total: | 4 | 950g |
| Acolyte | 35 | 2625 | / | 0 |
| Ghoul | 5 | 600 | / | 0 |
| Crypt Fiend | 13 | 2795 | / | 520 |
| Obsidian Statue | 3 | 600 | / | 105 |
| Frost Wyrm | 11 | 4235 | / | 1320 |
| Wisp | 5 | 300 | / | 0 |
| Priest | 5 | 675 | / | 50 |
| Gryphon Rider | 1 | 280 | / | 70 |
| Chimaera | 2 | 660 | / | 140 |
| Hippogryph | 8 | 1280 | / | 160 |
| Siege Engine | 1 | 195 | / | 60 |
| total: | 89 | 14245g | / | 2425w |
| Nerubian Tower | 2 | 200 | / | 40 |
| Graveyard | 1 | 215 | / | 0 |
| Crypt | 1 | 200 | / | 50 |
| Ziggurat | 9 | 1350 | / | 450 |
| Altar of Darkness | 1 | 180 | / | 50 |
| Tomb of Relics | 1 | 130 | / | 30 |
| Necropolis | 1 | 225 | / | 0 |
| Slaughterhouse | 2 | 280 | / | 270 |
| Sacrificial Pit | 1 | 75 | / | 150 |
| Boneyard | 2 | 350 | / | 400 |
| Halls of the Dead | 1 | 320 | / | 210 |
| Black Citadel | 1 | 325 | / | 230 |
| Moon Well | 2 | 360 | / | 80 |
| Ancient of Wind | 1 | 150 | / | 140 |
| total: | 22 | 3515g | / | 1620w |
| 0:08 | Acolyte |
| 0:08 | Acolyte |
| 0:17 | Graveyard |
| 0:33 | Crypt |
| 1:06 | Ziggurat |
| 1:22 | Altar of Darkness |
| 1:39 | Tomb of Relics |
| 1:57 | Ghoul |
| 2:09 | Ziggurat |
| 2:21 | Ghoul |
| 2:37 | Ghoul |
| 3:02 | Crypt Fiend |
| 3:12 | Black Arrow |
| 3:29 | Halls of the Dead |
| 3:41 | Rod of Necromancy |
| 4:02 | Crypt Fiend |
| 4:29 | Crypt Fiend |
| 5:06 | Crypt Fiend |
| 5:24 | Life Drain |
| 5:32 | Ziggurat |
| 5:33 | Ziggurat |
| 5:58 | Black Citadel |
| 6:05 | Slaughterhouse |
| 6:50 | Black Arrow |
| 7:21 | Nerubian Tower |
| 8:16 | Web |
| 8:19 | Acolyte |
| 8:19 | Acolyte |
| 8:32 | Destroyer Form |
| 9:15 | Acolyte |
| 9:15 | Acolyte |
| 9:44 | Acolyte |
| 9:44 | Acolyte |
| 9:45 | Acolyte |
| 9:47 | Acolyte |
| 9:58 | Nerubian Tower |
| 10:27 | Sacrificial Pit |
| 10:31 | Obsidian Statue |
| 10:31 | Obsidian Statue |
| 11:11 | Ziggurat |
| 11:16 | Acolyte |
| 11:35 | Boneyard |
| 11:54 | Ghoul |
| 11:59 | Ziggurat |
| 12:02 | Boneyard |
| 12:06 | Death Coil |
| 12:12 | Silence |
| 12:27 | Ghoul |
| 12:35 | Obsidian Statue |
| 12:55 | Frost Wyrm |
| 13:19 | Frost Wyrm |
| 13:44 | Unholy Aura |
| 14:05 | Unholy Armor |
| 14:07 | Creature Carapace |
| 14:10 | Acolyte |
| 14:10 | Acolyte |
| 14:10 | Acolyte |
| 14:19 | Freezing Breath |
| 14:25 | Burrow |
| 14:31 | Ziggurat |
| 14:31 | Ziggurat |
| 14:58 | Creature Attack |
| 15:17 | Necropolis |
| 16:11 | Frost Wyrm |
| 16:14 | Death Coil |
| 16:49 | Crypt Fiend |
| 16:49 | Crypt Fiend |
| 16:53 | Frost Wyrm |
| 18:56 | Frost Wyrm |
| 19:00 | Improved Creature Carapace |
| 19:00 | Improved Creature Attack |
| 19:03 | Acolyte |
| 19:03 | Acolyte |
| 19:47 | Frost Wyrm |
| 20:41 | Life Drain |
| 21:59 | Frost Wyrm |
| 22:02 | Advanced Creature Attack |
| 22:03 | Advanced Creature Carapace |
| 22:30 | Frost Wyrm |
| 22:33 | Crypt Fiend |
| 22:33 | Crypt Fiend |
| 22:33 | Crypt Fiend |
| 22:34 | Crypt Fiend |
| 23:17 | Crypt Fiend |
| 23:20 | Ziggurat |
| 24:16 | Slaughterhouse |
| 24:21 | Scroll of Town Portal |
| 24:42 | Acolyte |
| 24:42 | Acolyte |
| 24:43 | Acolyte |
| 24:43 | Acolyte |
| 27:35 | Acolyte |
| 27:35 | Acolyte |
| 27:35 | Acolyte |
| 27:35 | Acolyte |
| 27:37 | Acolyte |
| 29:19 | Frost Wyrm |
| 29:34 | Acolyte |
| 30:20 | Acolyte |
| 30:20 | Acolyte |
| 30:21 | Acolyte |
| 30:39 | Scroll of Regeneration |
| 33:38 | Acolyte |
| 33:38 | Acolyte |
| 33:38 | Acolyte |
| 33:54 | Frost Wyrm |
| 33:58 | Crypt Fiend |
| 34:14 | Wisp |
| 34:14 | Wisp |
| 34:14 | Wisp |
| 34:15 | Wisp |
| 34:16 | Wisp |
| 34:19 | Frost Wyrm |
| 34:32 | Priest |
| 34:32 | Priest |
| 34:32 | Priest |
| 34:34 | Gryphon Rider |
| 34:48 | Chimaera |
| 34:53 | Crypt Fiend |
| 34:57 | Ancient of Wind |
| 35:12 | Hippogryph |
| 35:12 | Hippogryph |
| 35:12 | Hippogryph |
| 35:12 | Hippogryph |
| 35:12 | Hippogryph |
| 35:18 | Moon Well |
| 35:20 | Moon Well |
| 35:33 | Scroll of Town Portal |
| 35:52 | Unholy Aura |
| 35:57 | Charm |
| 36:10 | Priest |
| 36:10 | Priest |
| 36:13 | Siege Engine |
| 37:13 | Hippogryph |
| 37:13 | Hippogryph |
| 37:29 | Chimaera |
| 38:00 | Hippogryph |
| 38:05 | Acolyte |
| 38:05 | Acolyte |
| 38:05 | Acolyte |
| Right click | 1172 |
| Select | 573 |
| Chat | 179 |
| Build/train/purchase | 145 |
| Use ability | 64 |
| Misc. action | 56 |
| Resource trade | 15 |
| Minimap ping | 4 |
| Assign group | 2 |
| Item give/drop | 2 |
| Remove unit | 1 |


| Scroll of Regeneration | 2 | 200 |
| Lesser Clarity Potion | 2 | 140 |
| Potion of Mana | 2 | 400 |
| Potion of Healing | 1 | 150 |
| total: | 7 | 890g |
| Peasant | 22 | 1650 | / | 0 |
| Footman | 7 | 945 | / | 0 |
| Priest | 4 | 540 | / | 40 |
| Gryphon Rider | 11 | 3080 | / | 770 |
| Mortar Team | 15 | 2700 | / | 1050 |
| total: | 59 | 8915g | / | 1860w |
| Scout Tower | 11 | 330 | / | 220 |
| Arcane Tower | 1 | 70 | / | 50 |
| Guard Tower | 2 | 140 | / | 100 |
| Altar of Kings | 1 | 180 | / | 50 |
| Barracks | 1 | 160 | / | 60 |
| Farm | 13 | 1040 | / | 260 |
| Arcane Vault | 1 | 130 | / | 30 |
| Blacksmith | 1 | 140 | / | 60 |
| Lumber Mill | 1 | 120 | / | 0 |
| Town Hall | 1 | 385 | / | 205 |
| Cannon Tower | 2 | 240 | / | 200 |
| Arcane Sanctum | 1 | 150 | / | 140 |
| Gryphon Aviary | 3 | 420 | / | 450 |
| Workshop | 1 | 140 | / | 140 |
| Keep | 1 | 320 | / | 210 |
| Castle | 1 | 360 | / | 210 |
| total: | 35 | 3195g | / | 1615w |
| 0:02 | Peasant |
| 0:02 | Peasant |
| 0:11 | Altar of Kings |
| 0:19 | Barracks |
| 0:23 | Peasant |
| 0:33 | Farm |
| 0:35 | Peasant |
| 1:11 | Farm |
| 1:20 | Peasant |
| 1:40 | Peasant |
| 1:48 | Footman |
| 2:02 | Arcane Vault |
| 2:05 | Scout Tower |
| 2:11 | Footman |
| 2:24 | Farm |
| 2:33 | Footman |
| 2:46 | Storm Bolt |
| 2:52 | Footman |
| 3:02 | Peasant |
| 3:02 | Peasant |
| 3:19 | Arcane Tower |
| 3:49 | Farm |
| 4:05 | Keep |
| 4:15 | Thunder Clap |
| 4:24 | Footman |
| 4:44 | Footman |
| 5:10 | Blacksmith |
| 5:13 | Lumber Mill |
| 5:15 | Farm |
| 5:27 | Defend |
| 5:30 | Scroll of Regeneration |
| 5:38 | Lesser Clarity Potion |
| 6:25 | Storm Bolt |
| 6:44 | Iron Plating |
| 6:46 | Arcane Sanctum |
| 7:19 | Peasant |
| 7:19 | Peasant |
| 7:34 | Flame Strike |
| 8:05 | Town Hall |
| 8:23 | Priest Adept Training |
| 8:25 | Farm |
| 9:16 | Gryphon Aviary |
| 9:19 | Improved Lumber Harvesting |
| 9:45 | Scout Tower |
| 9:47 | Scout Tower |
| 9:52 | Priest |
| 9:52 | Priest |
| 9:53 | Footman |
| 10:43 | Castle |
| 11:06 | Priest |
| 11:51 | Gryphon Aviary |
| 11:53 | Gryphon Aviary |
| 12:08 | Peasant |
| 12:08 | Peasant |
| 12:08 | Peasant |
| 12:10 | Peasant |
| 12:10 | Peasant |
| 12:44 | Farm |
| 12:48 | Peasant |
| 13:03 | Priest |
| 13:05 | Gryphon Rider |
| 13:10 | Peasant |
| 13:10 | Peasant |
| 13:10 | Peasant |
| 13:24 | Gryphon Rider |
| 13:25 | Farm |
| 14:04 | Gryphon Rider |
| 14:07 | Workshop |
| 14:18 | Peasant |
| 14:18 | Peasant |
| 14:19 | Peasant |
| 14:51 | Gryphon Rider |
| 14:56 | Studded Leather Armor |
| 14:56 | Iron Forged Swords |
| 15:25 | Mortar Team |
| 15:25 | Mortar Team |
| 15:26 | Mortar Team |
| 15:28 | Farm |
| 15:37 | Advanced Lumber Harvesting |
| 15:49 | Storm Hammers |
| 16:20 | Gryphon Rider |
| 16:51 | Farm |
| 17:07 | Mortar Team |
| 17:26 | Mortar Team |
| 17:27 | Mortar Team |
| 18:15 | Gryphon Rider |
| 18:15 | Gryphon Rider |
| 19:05 | Farm |
| 19:06 | Farm |
| 20:36 | Potion of Mana |
| 20:40 | Lesser Clarity Potion |
| 20:42 | Potion of Mana |
| 21:18 | Mortar Team |
| 21:19 | Mortar Team |
| 21:19 | Mortar Team |
| 21:19 | Farm |
| 22:21 | Gryphon Rider |
| 22:21 | Gryphon Rider |
| 22:23 | Gryphon Rider |
| 22:30 | Bash |
| 22:37 | Mortar Team |
| 22:52 | Scroll of Regeneration |
| 22:55 | Potion of Healing |
| 23:02 | Mortar Team |
| 23:02 | Mortar Team |
| 23:48 | Reinforced Leather Armor |
| 23:49 | Steel Forged Swords |
| 24:06 | Flame Strike |
| 24:08 | Siphon Mana |
| 26:23 | Mortar Team |
| 26:23 | Mortar Team |
| 26:23 | Mortar Team |
| 26:26 | Gryphon Rider |
| 26:45 | Scout Tower |
| 26:46 | Scout Tower |
| 26:50 | Scout Tower |
| 26:51 | Scout Tower |
| 26:53 | Scout Tower |
| 28:15 | Guard Tower |
| 30:00 | Scout Tower |
| 30:01 | Scout Tower |
| 30:29 | Scout Tower |
| 30:31 | Guard Tower |
| 30:32 | Cannon Tower |
| 30:38 | Priest Master Training |
| 31:17 | Cannon Tower |
| 32:56 | Fragmentation Shards |
| 33:13 | Storm Bolt |
| Right click | 1870 |
| Select group | 509 |
| Select | 348 |
| Build/train/purchase | 113 |
| Misc. action | 52 |
| Use ability | 45 |
| Assign group | 42 |
| Chat | 24 |
| Minimap ping | 1 |